 Dungeon Crawl Stone Soup version 0.23.2-1-ga50397a6bc (webtiles) character file.

Game seed: 11885663548196019670

69104 Peloso the Peltast (level 14, -11/133 HPs)
             Began as a Minotaur Fighter on May 3, 2019.
             Was the Champion of Okawaru.
             Mangled by a komodo dragon (35 damage)
             ... on level 11 of the Dungeon.
             The game lasted 01:01:02 (19690 turns).

Peloso the Peltast (Minotaur Fighter)              Turns: 19690, Time: 01:01:03

Health: -11/133    AC: 36    Str: 28    XL:     14   Next: 89%
Magic:  22/22      EV:  8    Int:  5    God:    Okawaru [******]
Gold:   1985       SH: 15    Dex: 13    Spells: 13/13 levels left

rFire    . . .     SeeInvis +   a - +2 scimitar (flame)
rCold    . . .     Gourm    +   c - +0 shield
rNeg     . . .     Faith    .   S - +9 crystal plate armour of Deidum {rPois Dex+2}
rPois    +         Spirit   .   n - +0 hat {SInv}
rElec    .         Reflect  .   r - +0 cloak
rCorr    .         Harm     .   W - +0 pair of gloves {archery}
MR       +....                  h - +0 pair of boots
Stlth    ..........             B - amulet of the gourmand
HPRegen  0.32/turn              G - ring of magical power
MPRegen  0.18/turn              J - +3 ring of strength

@: lethally poisoned (-11 -> -25)
A: retaliatory headbutt, horns 2
a: Heroism, Finesse, Renounce Religion


You were on level 11 of the Dungeon.
You worshipped Okawaru.
Okawaru was exalted by your worship.
You were very full.

You visited 4 branches of the dungeon, and saw 20 of its levels.
You also visited: Bailey and Ice Cave.

You collected 2960 gold pieces.
You spent 975 gold pieces at shops.

Inventory:

Hand Weapons
 a - a +2 scimitar of flaming (weapon)
 b - the +5 long sword of Youthful Indiscretion {holy, Dex+6}
   (Okawaru gifted it to you on level 10 of the Dungeon)

   It has been blessed by the Shining One to cause great damage to the undead
   and demons.
   It affects your dexterity (+6).
Armour
 c - a +0 shield (worn)
 h - a +0 pair of boots (worn)
 n - a +0 hat of see invisible (worn)
 r - a +0 cloak (worn)
 S - the +9 crystal plate armour of Deidum (worn) {rPois Dex+2}
   (Okawaru gifted it to you on level 11 of the Dungeon)

   It affects your dexterity (+2).
   It protects you from poison.
 W - a +0 pair of gloves of archery (worn)
Jewellery
 z - an uncursed ring of stealth
 B - an amulet of the gourmand (around neck)
 G - a ring of magical power (left hand)
 J - a +3 ring of strength (right hand)
 Y - an uncursed ring of protection from magic
Wands
 s - a wand of paralysis (2)
 D - a wand of random effects (15)
Scrolls
 g - 11 scrolls of teleportation
 k - a scroll of identify
 l - a scroll of blinking
 m - 4 scrolls of remove curse
 q - 4 scrolls of fog
 x - 2 scrolls of magic mapping
 R - a scroll of fear
Potions
 e - 8 potions of haste
 i - a potion of experience
 j - 12 potions of curing
 t - a potion of might
 u - 5 potions of heal wounds
 A - 4 potions of agility
 E - 3 potions of resistance
 H - 2 potions of flight
 Q - 2 potions of cancellation
Comestibles
 f - 30 rations


   Skills:
 + Level 14.8 Fighting
 + Level 16.4 Long Blades
 + Level 13.2 Armour
 + Level 4.4 Dodging
 + Level 1.0 Stealth
 + Level 16.7 Shields
 + Level 1.3 Invocations
 + Level 0.5 Evocations


You had 13 spell levels left.
You didn't know any spells.
Your spell library contained the following spells:

 Spells                   Type           Power        Failure   Level  Hunger
 Freeze                   Ice            #...         100%        1    ##.....
 Throw Frost              Conj/Ice       #.....       100%        2    ###....
 Ozocubu's Armour         Chrm/Ice       #.......     100%        3    ####...
 Summon Ice Beast         Ice/Summ       #.......     100%        4    #####..
 Throw Icicle             Conj/Ice       #.......     100%        4    #####..
 Bolt of Magma            Conj/Fire/Erth #.........   100%        5    ######.
 Irradiate                Conj/Tmut      #.........   100%        5    ######.
 Iskenderun's Battlesphe  Conj/Chrm      #.......     100%        5    ######.
 Venom Bolt               Conj/Pois      #.........   100%        5    ######.
 Hydra Form               Tmut           #.........   100%        6    #######
 Iron Shot                Conj/Erth      #.........   100%        6    #######
 Statue Form              Tmut/Erth      #........    100%        6    #######
 Dragon Form              Tmut           #.........   100%        7    #######
 Haunt                    Necr/Summ      #.........   100%        7    #######
 Orb of Destruction       Conj           #.........   100%        7    #######
 Spellforged Servitor     Conj/Summ      #.........   100%        7    #######
 Borgnjor's Revivificati  Necr           #.........   100%        8    #######
 Death's Door             Chrm/Necr      #.........   100%        8    #######
 Infestation              Necr           #.........   100%        8    #######
 Necromutation            Tmut/Necr      #.........   100%        8    #######


Dungeon Overview and Level Annotations

Branches:
Dungeon (11/15)            Temple (1/1) D:4            Lair (6/6) D:10
  Swamp (0/4) Lair:2        Snake (0/4) Lair:3        Slime (0/5) Lair:5
    Orc (2/2) D:11            Elf (0/3) Orc:2

Altars:
Cheibriados
Elyvilon
Gozag
Hepliaklqana
Kikubaaqudgha
Makhleb
Nemelex Xobeh
Okawaru
Sif Muna
Xom
Yredelemnul
Zin
The Shining One
Jiyva

Shops:
D:9 [

Annotations:
D:11 1 transporter, Lysie's ghost, journeyman MiFi


Innate Abilities, Weirdness & Mutations

You reflexively headbutt those who attack you in melee.
You have a pair of horns on your head.


Message History

The wolf spider poisons you! You block Lysie's ghost's attack.
The komodo dragon bites you. You block the moth of wrath's attack.
You hit the wolf spider but do no damage.
You headbutt the wolf spider.
The wolf spider is moderately wounded.
You feel sick. The wolf spider barely misses you. You furiously retaliate!
You headbutt the wolf spider, but do no damage.
You block the wolf spider's attack.
The killer bee rages.
The wolf spider hits you but does no damage.
You block the wolf spider's attack. The komodo dragon bites you!!
* * * LOW HITPOINT WARNING * * *
Lysie's ghost hits you but does no damage.
You block the moth of wrath's attack.
You slice the wolf spider!! You burn the wolf spider.
The wolf spider is severely wounded.
You feel sick. You block the wolf spider's attack.
The wolf spider bites you but does no damage.
The komodo dragon bites you!!
You die...

#.####...####.©.####..###..#.
#......###. #####. ##......#.
#.....##..#.$$:}....#......##
#.....#y.%l###=..##.##.##..#.
#.....##.#.y...#.....#.##..#(
#......#...#..©.?##..#.##..(.
#......#..##..#......#.###.#.
#......#...l#Wy.#...##.###.#.
#......##..s@yl#....#......##
#.......##©###..#####......#.
#........###©####..........#.
#.#####....[..(....#.........
#.# #...#...<)[..#.......##
#.# #...#..()(...#...###.##
#.#####...#........#...###.##
#.........+........#.......#.
#.........#.....[..'.......##


You could see a wolf spider (berserk), a moth of wrath, 2 komodo dragons, a
killer bee (berserk) and Lysie's ghost.

Vanquished Creatures
  An orc warlord (Bailey)
  A fire dragon (Lair:6)
  Fannar (D:10)
  11 hydras
  2 centaur warriors (D:11)
  Erica (D:9)
  8 two-headed ogres
  Urug (Lair:1)
  A hell knight (D:11)
  An orc knight (D:10)
  A lindwurm (Lair:6)
  A necromancer (IceCv)
  An orb spider (shapeshifter) (D:10)
  A deep elf mage (D:10)
  3 oklob plants (Lair:2)
  2 cyclopes (D:11)
  2 orc sorcerers (Orc:2)
  3 ugly things (D:11)
  Joseph (Lair:1)
  Maurice (D:9)
  5 black mambas
  An ice statue (IceCv)
  3 molten gargoyles (Lair:6)
  11 spiny frogs
  2 gargoyles (D:11)
  Psyche (D:8)
  A torpor snail (Lair:4)
  13 komodo dragons
  3 rime drakes
  2 yaktaurs
  11 freezing wraiths
  2 ice devils (Orc:2)
  A meliai (D:11)
  3 trolls
  3 tyrant leeches (Lair:2)
  6 polar bears
  The ghost of OmG the Charlatan, an amateur DsAr of Gozag (D:4)
  17 blink frogs
  10 hippogriffs
  4 wyverns
  A shadow (D:11)
  A spriggan (shapeshifter) (D:11)
  4 basilisks
  4 hogs (D:8)
  39 yaks
  Grum (D:8)
  A human (D:8)
  2 hungry ghosts
  2 death yak simulacra (IceCv)
  2 steam dragons (D:10)
  A swamp worm (Lair:2)
  2 nagas (Lair:3)
  2 wargs (Orc:2)
  5 hell hounds (Lair:6)
  9 porcupines
  7 water moccasins
  9 orc warriors
  7 sky beasts
  A black bear (D:8)
  2 eyes of draining (D:11)
  8 ice beasts
  A necrophage (D:11)
  4 wolves (D:8)
  7 phantoms
  4 centaurs
  8 ogres
  11 crocodiles
  2 big kobolds
  17 bullfrogs
  A wyvern zombie (D:11)
  8 scorpions
  9 killer bees
  9 wights
  A howler monkey (D:5)
  4 lava snakes (Lair:6)
  5 crimson imps
  A centaur zombie (D:11)
  A bullfrog zombie (D:5)
  4 hounds
  3 draconian simulacra (IceCv)
  4 jellies
  8 orc priests
  11 orc wizards
  A bullfrog skeleton (D:11)
  2 centaur skeletons
  3 iguanas
  A polar bear simulacrum (IceCv)
  A spriggan simulacrum (IceCv)
  8 troll simulacra (IceCv)
  8 worker ants
  A wolf simulacrum (IceCv)
  4 centaur simulacra (IceCv)
  2 hound zombies
  2 hound skeletons
  A worker ant zombie (D:5)
  2 howler monkey skeletons
  7 adders
  4 gnolls
  3 naga simulacra (IceCv)
  An ogre simulacrum (IceCv)
  A shadow imp (D:6)
  12 white imps (IceCv)
  2 oozes
  An ooze (shapeshifter) (D:11)
  An adder skeleton (D:9)
  2 worms
  3 dart slugs
  6 leopard geckos
  38 orcs
  A ball python (D:3)
  4 bats
  2 giant cockroaches
  15 goblins
  10 hobgoblins
  16 jackals
  21 kobolds
  2 quokkas
  A jackal zombie (D:7)
  A leopard gecko skeleton (D:7)
  5 rats
  2 fungi
  3 plants
577 creatures vanquished.

Vanquished Creatures (others)
  An orc (D:11)
  A bush (Lair:6)
  3 fungi
  3 plants
8 creatures vanquished.

Grand Total: 585 creatures vanquished

Notes
Turn   | Place    | Note
-------+----------+-------------------------------------------
     0 | D:1      | Peloso the Minotaur Fighter began the quest for the Orb.
     0 | D:1      | Reached XP level 1. HP: 19/19 MP: 0/0
   210 | D:1      | Found a glowing golden altar of the Shining One.
   215 | D:1      | Reached XP level 2. HP: 27/27 MP: 1/1
   803 | D:2      | You fall through a shaft!
   811 | D:3      | Reached XP level 3. HP: 33/33 MP: 2/2
  1002 | D:3      | Noticed a phantom
  1073 | D:3      | Killed a phantom
  1073 | D:3      | Reached XP level 4. HP: 12/40 MP: 3/3
  1073 | D:3      | Reached XP level 5. HP: 14/46 MP: 4/4
  1891 | D:4      | Noticed an ogre
  1898 | D:4      | Killed an ogre
  1898 | D:4      | Reached skill level 5 in Shields
  1936 | D:4      | Found a large runed translucent door.
  1936 | D:4      | Found a large runed translucent door.
  1937 | D:4      | Noticed OmG's ghost (amateur DsAr)
  1994 | D:4      | Noticed a phantom
  2012 | D:4      | Killed a phantom
  2012 | D:4      | Reached skill level 5 in Long Blades
  2012 | D:4      | Reached skill level 5 in Armour
  2012 | D:4      | Reached XP level 6. HP: 50/53 MP: 5/5
  2280 | D:4      | Found a staircase to the Ecumenical Temple.
  2298 | Temple   | Entered the Ecumenical Temple
  2314 | Temple   | Became a worshipper of Warmaster Okawaru
  2508 | D:4      | Reached skill level 5 in Fighting
  2560 | D:4      | Reached XP level 7. HP: 38/61 MP: 6/6
  2670 | D:5      | Entered Level 5 of the Dungeon
  2830 | D:5      | Reached * piety under Okawaru
  3161 | D:6      | Reached XP level 8. HP: 67/69 MP: 7/7
  3820 | D:7      | Reached skill level 1 in Dodging
  3878 | D:7      | Reached ** piety under Okawaru
  3917 | D:7      | Noticed a hippogriff
  3931 | D:7      | Killed a hippogriff
  4033 | D:7      | Reached XP level 9. HP: 19/78 MP: 8/8
  4611 | D:8      | Reached *** piety under Okawaru
  4682 | D:8      | Found a flagged portal.
  4734 | Bailey   | Entered a bailey
  4739 | Bailey   | Noticed an orc warlord
  4869 | Bailey   | Found a runed translucent gate.
  4884 | Bailey   | Found a runed translucent gate.
  4886 | Bailey   | Found a runed translucent gate.
  5058 | Bailey   | Killed an orc warlord
  5058 | Bailey   | Received a gift from Okawaru
  5058 | Bailey   | Reached skill level 10 in Long Blades
  5058 | Bailey   | Reached skill level 10 in Shields
  5058 | Bailey   | Reached XP level 10. HP: 88/88 MP: 9/9
  5081 | Bailey   | Identified a scroll of acquirement
  5341 | D:8      | Noticed Grum
  5358 | D:8      | Killed Grum
  5432 | D:8      | Noticed Psyche
  5451 | D:8      | Killed Psyche
  5451 | D:8      | Reached **** piety under Okawaru
  5869 | D:8      | Noticed a two-headed ogre
  5875 | D:8      | Killed a two-headed ogre
  6131 | D:8      | Reached ***** piety under Okawaru
  6176 | D:8      | Found a glowing silver altar of Zin.
  6283 | D:9      | Found Riomerch's Antique Armour Boutique.
  6291 | D:9      | Bought a brightly glowing chain mail for 247 gold pieces
  6303 | D:9      | Identified the +4 chain mail of the Heron {Int+4} (You
                  | bought it in a shop on level 9 of the Dungeon)
  6398 | D:9      | Noticed Maurice
  6416 | D:9      | Killed Maurice
  6783 | D:9      | Noticed Erica
  6790 | D:9      | Killed Erica
  6790 | D:9      | Reached XP level 11. HP: 79/97 MP: 8/10
  6963 | D:4      | Killed OmG's ghost
  7062 | D:10     | Entered Level 10 of the Dungeon
  7334 | D:10     | Noticed Fannar
  7346 | D:10     | Killed Fannar
  7422 | D:10     | Found a staircase to the Lair.
  7542 | D:10     | Reached ****** piety under Okawaru
  8045 | D:10     | Noticed an orc knight
  8049 | D:10     | Noticed a deep elf mage
  8060 | D:10     | Killed an orc knight
  8060 | D:10     | Received a gift from Okawaru
  8389 | D:10     | Killed a deep elf mage
  8389 | D:10     | Reached skill level 10 in Fighting
  8389 | D:10     | Reached skill level 10 in Armour
  8389 | D:10     | Reached skill level 1 in Invocations
  8406 | D:10     | Got a shimmering long sword {god gift}
  8407 | D:10     | Identified the +5 long sword of Youthful Indiscretion
                  | {holy, Dex+6} (Okawaru gifted it to you on level 10 of the
                  | Dungeon)
  8573 | D:11     | Found a transporter.
  8577 | D:11     | Noticed a wolf spider
  8584 | D:11     | Noticed a seven-headed hydra
  8591 | D:11     | Found a transporter.
  8616 | D:11     | Noticed a red ugly thing
  8631 | D:11     | Killed a red ugly thing
  8639 | D:11     | Noticed Lysie's ghost (journeyman MiFi)
  8851 | D:11     | Noticed an orb spider
  8851 | D:11     | a human changed into an orb spider
  8855 | D:10     | Killed an orb spider
  9100 | D:11     | Found a staircase to the Orcish Mines.
  9120 | Orc:1    | Entered Level 1 of the Orcish Mines
  9273 | Orc:2    | Entered Level 2 of the Orcish Mines
  9279 | Orc:2    | Noticed an orc sorcerer
  9285 | Orc:2    | Killed an orc sorcerer
  9300 | Orc:2    | Found a staircase to the Elven Halls.
  9318 | Orc:2    | Reached XP level 12. HP: 89/107 MP: 11/11
  9344 | Orc:2    | Found a frozen archway.
  9370 | Orc:2    | Received a gift from Okawaru
  9462 | IceCv    | Entered an ice cave
 10008 | IceCv    | Found an ancient bone altar of Kikubaaqudgha.
 11135 | D:9      | Bought a distressingly furry plate armour for 728 gold
                  | pieces
 11149 | D:9      | Identified the cursed +1 plate armour of the Alphagorgon
                  | {rPois MR+ Regen+ Dex+2} (You bought it in a shop on level
                  | 9 of the Dungeon)
 11337 | D:11     | Noticed a two-headed ogre
 11362 | D:11     | Received a gift from Okawaru
 11365 | D:11     | Got a twisted crystal plate armour {god gift}
 11391 | D:10     | Identified the +9 crystal plate armour of Deidum {rPois
                  | Dex+2} (Okawaru gifted it to you on level 11 of the
                  | Dungeon)
 11422 | D:11     | Identified the ring of No Interval {Fire *Contam +Fly Str-3
                  | Dex+9}
 11439 | D:11     | Killed a two-headed ogre
 11677 | D:11     | Reached XP level 13. HP: 118/118 MP: 12/12
 11881 | D:11     | Reached skill level 15 in Long Blades
 12168 | D:11     | Received a gift from Okawaru
 12551 | Lair:1   | Entered Level 1 of the Lair of Beasts
 12652 | Lair:1   | Noticed Joseph
 12664 | Lair:1   | Killed Joseph
 12942 | Lair:1   | Noticed Urug
 12970 | Lair:1   | Killed Urug
 12970 | Lair:1   | Reached skill level 1 in Stealth
 13865 | Lair:2   | Found a staircase to the Swamp.
 14969 | Lair:3   | Received a gift from Okawaru
 14969 | Lair:3   | Reached skill level 15 in Shields
 15192 | Lair:3   | Found a staircase to the Snake Pit.
 15270 | Lair:3   | Reached XP level 14. HP: 130/130 MP: 13/13
 16526 | Lair:4   | Found a runed translucent door.
 17529 | Lair:5   | Found a viscous altar of Jiyva.
 17560 | Lair:5   | Found a staircase to the Slime Pits.
 17801 | Lair:6   | Entered Level 6 of the Lair of Beasts
 18197 | Lair:6   | Received a gift from Okawaru
 18885 | Lair:6   | Found a large runed translucent door.
 18885 | Lair:6   | Found a large runed translucent door.
 19207 | Lair:6   | Got a dazzling battleaxe
 19208 | Lair:6   | Identified the +6 battleaxe "Rituanoam" {chop, Dex+4} (You
                  | found it on level 6 of the Lair of Beasts)
 19690 | D:11     | Mangled by a komodo dragon

Skill      XL: |  1  2  3  4  5  6  7  8  9 10 11 12 13 14 |
---------------+-------------------------------------------+-----
Shields        | 4 5 6 7 10 11 12 13 15 16 | 16.7
Armour         | 4 5 6 7 8 9 10 11 12 13 | 13.2
Long Blades    | 3 4 5 6 7 8 10 11 13 14 15 16 | 16.4
Fighting       | 4 5 6 7 9 10 12 13 14 | 14.8
Dodging        | 1 2 3 4 |  4.4
Invocations    | 1 |  1.3
Stealth        | 1 |  1.0
Evocations     | |  0.5

Action                   |  1- 3 |  4- 6 |  7- 9 | 10-12 | 13-15 || total
-------------------------+-------+-------+-------+-------+-------++-------
Melee: Long sword        |   116 |   102 |   192 |    36 |       ||   446
       Headbutt          |    19 |    23 |    82 |   183 |   240 ||   547
       Falchion          |       |       |   167 |   186 |       ||   353
       Scimitar          |       |       |       |   551 |   751 ||  1302
Invok: Heroism           |       |       |     1 |    10 |     1 ||    12
       Finesse           |       |       |       |     1 |       ||     1
Evoke: Wand              |       |       |       |     7 |       ||     7
  Use: Scroll            |       |       |     8 |    11 |    12 ||    31
       Potion            |       |       |     1 |       |       ||     1
  Eat: Chunk             |       |     6 |     8 |    14 |    36 ||    64
       Ration            |       |       |       |     3 |     1 ||     4
Armor: Scale mail        |    18 |       |       |       |       ||    18
       Plate armour      |    70 |    53 |       |    17 |       ||   140
       Chain mail        |       |       |   212 |   241 |       ||   453
       Crystal plate arm |       |       |       |    21 |   413 ||   434
Dodge: Dodged            |    28 |    18 |    93 |   189 |   184 ||   512
Block: Shield            |    92 |    49 |   252 |   439 |   534 ||  1366
       Rpst.: Long sword |     8 |     3 |     5 |     2 |       ||    18
       Falchion          |       |       |     8 |    12 |       ||    20
       Scimitar          |       |       |       |    28 |    40 ||    68
